 Dungeon Sprint DCSS version 0.31-a0-844-gdc52ec4e09 (webtiles) character file.

Game seed: 6332742534182529273

987 sircluck the Grappler (level 7, 0/124 HPs)
             Began as a Troll Berserker on Sept 27, 2023.
             Was a Priest of Trog.
             Slain by a sun demon (22 damage)
             ... summoned by a kobold demonologist
             ... in the Dungeon (Sprint I: "Red Sonja") on Sept 28, 2023.
             The game lasted 00:01:54 (231 turns).

sircluck the Grappler (Troll Berserker)              Turns: 231, Time: 00:01:55

Health: 0/124      AC:  4    Str: 28    XL:     7   Next: 97%
Magic:  6/6        EV: 12    Int:  3    God:    Trog [***...]
Gold:   405        SH:  0    Dex:  9    Spells: 6/6 levels left

rFire   . .          .
                       - Unarmed
rCold   . . .        (no shield)
rNeg    . . .        a - +0 animal skin
rPois   .            (helmet restricted)
rElec   .            (no cloak)
rCorr   .            (gloves unavailable)
SInv    .            (boots unavailable)
Will    .....        (no amulet) Stlth
                     (no ring)
HPRegen 1.20/turn    (no ring)
MPRegen 0.10/turn

%: no teleportation
@: berserking, very quick
A: large, unfitting armour, claws 3, regeneration 1, shaggy fur 1, tough skin 1
a: Renounce Religion, Berserk, Trog's Hand


You were in the Dungeon.
You worshipped Trog.
Trog was most pleased with you.
You visited 1 branch You collected 405 gold pieces.

Inventory:

Missiles
 j - 3 boomerangs
Armour
 a - a +0 animal skin (worn)
 i - a +0 cloak
Wands
 h - a wand of flame (3)
Scrolls
 g - a scroll of blinking
Potions
 b - a potion of curing
 c - a potion of heal wounds
 d - a potion of haste
 e - 2 potions of magic
 f - a potion of berserk rage


   Skills:
 + Level 9.0 Fighting
 + Level 8.9 Dodging
 + Level 10.5 Unarmed Combat


You had 6 spell levels left.
You didn't know any spells.
Your spell library was empty.

Dungeon Overview and Level Annotations

Branches:
Dungeon (1/1)

Altars:
Cheibriados
Dithmenos
Elyvilon
Fedhas
Gozag
Hepliaklqana
Kikubaaqudgha
Makhleb
Nemelex Xobeh
Okawaru
Qazlal
Ru
Sif Muna
Trog
Uskayaw
Vehumet
Wu Jian
Xom
Yredelemnul
Zin
The Shining One
Jiyva
Lugonu

Shops:
D *


Innate Abilities, Weirdness & Mutations

You are too large for most types of armour.
You have claws for hands.
Your natural rate of healing is unusually fast.
You are covered in fur. (AC +1)
You have tough skin. (AC +1)


Message History

Trog appreciates your killing of a magic user.
The ice devil disappears in a puff of smoke!
The soul eater disappears in a puff of smoke!
The kobold demonologist begins to cast a cantrip, but forgets the words!
Your life force feels restored.
Your Unarmed Combat skill increases to level 10!
Unknown command.
Unknown command.
Unknown command.
Unknown command.
Unknown command.
Unknown command.
Unknown command.
You mangle the floating eye!!
You kill the floating eye!
Trog accepts your kill.
The kobold demonologist casts a spell.
The chaos spawn barely misses you.
Your Fighting skill increases to level 9!
You mangle the hellwing!! You claw the hellwing!
The hellwing is almost dead.
The iron imp shouts, "Give up, thou unhinged kobold-kissing vulture!"
The chaos spawn barely misses you. The hellwing misses you.
The hellwing hits you!
* * * LOW HITPOINT WARNING * * *
Unknown command.
Unknown command.
Unknown command.
A red film seems to cover your vision as you go berserk!
You feel yourself moving faster!
You feel mighty!
The crimson imp blinks!
The hellwing closely misses you. The hellwing barely misses you.
You mangle the hellwing!!
You kill the hellwing!
The hellwing disappears in a puff of smoke!
The crimson imp closely misses you.
You mangle the quasit!!
You kill the quasit!
The quasit disappears in a puff of smoke!
The sun demon hits you!!
You die...

#####################
.').#..'..#__#.5@K.5#
.#..').#..'..'..#34.#
###'#####'#__####.§.+
##..#...#[#### ####
_####..##.#
____##'#_.+
.∩...†..._#
..__##_.#'#
____###+#.#


You could see a sun demon (summoned), a kobold demonologist, a chaos spawn
(summoned), an iron imp (summoned) and a crimson imp (summoned).

Vanquished Creatures
  A kobold demonologist (D)
  A slime creature (D)
  Sigmund (D)
  A yak (D)
  A floating eye (D)
  An ogre (D)
  A jelly (D)
  Ijyb (D)
8 creatures vanquished.

Notes
Turn   | Place    | Note
-------+----------+-------------------------------------------
     0 | D        | sircluck the Troll Berserker began the quest for the Orb.
     0 | D        | Reached XP level 1. HP: 22/22 MP: 0/0
     1 | D        | Noticed Ijyb
     5 | D        | Killed Ijyb
     6 | D        | Reached skill level 4 in Unarmed Combat
     6 | D        | Reached XP level 2. HP: 21/32 MP: 1/1
    19 | D        | Noticed an ogre
    25 | D        | Killed an ogre
    26 | D        | Reached skill level 5 in Fighting
    26 | D        | Reached skill level 5 in Dodging
    26 | D        | Reached skill level 6 in Unarmed Combat
    26 | D        | Reached XP level 3. HP: 29/42 MP: 2/2
    26 | D        | Reached XP level 4. HP: 35/50 MP: 3/3
    50 | D        | Noticed Sigmund
    59 | D        | Upgraded the game from 0.31-a0-841-g038b102fc3 to
                  | 0.31-a0-844-gdc52ec4e09
    69 | D        | Killed Sigmund
    69 | D        | Reached ** piety under Trog
    70 | D        | Reached skill level 7 in Unarmed Combat
    70 | D        | Reached XP level 5. HP: 26/61 MP: 4/4
    70 | D        | Reached XP level 6. HP: 30/68 MP: 5/5
   117 | D        | Found an ornate altar of the Wu Jian Council.
   117 | D        | Found a shimmering blue altar of Sif Muna.
   118 | D        | Found a burning altar of Makhleb.
   118 | D        | Found a viscous altar of Jiyva.
   118 | D        | Found a shimmering altar of Xom.
   118 | D        | Found a corrupted altar of Lugonu.
   118 | D        | Noticed a slime creature
   123 | D        | Found a radiant altar of Vehumet.
   128 | D        | Reached skill level 8 in Unarmed Combat
   155 | D        | Found Qemeho's General Store.
   155 | D        | Found an ancient bone altar of Kikubaaqudgha.
   155 | D        | Found a hazy altar of Hepliaklqana.
   155 | D        | Found a hide-covered altar of Uskayaw.
   155 | D        | Found a basalt altar of Yredelemnul.
   155 | D        | Found an opulent altar of Gozag.
   155 | D        | Found a snail-covered altar of Cheibriados.
   155 | D        | Found a sacrificial altar of Ru.
   155 | D        | Found a shadowy altar of Dithmenos.
   155 | D        | Noticed a yak
   159 | D        | Killed a yak
   160 | D        | Reached skill level 9 in Unarmed Combat
   169 | D        | Found a stormy altar of Qazlal.
   169 | D        | Found a blossoming altar of Fedhas.
   169 | D        | Found a bloodstained altar of Trog.
   169 | D        | Found an iron altar of Okawaru.
   169 | D        | Found a glowing golden altar of the Shining One.
   169 | D        | Found a glowing silver altar of Zin.
   169 | D        | Found a white marble altar of Elyvilon.
   170 | D        | Found a sparkling altar of Nemelex Xobeh.
   193 | D        | Killed a slime creature
   193 | D        | Reached *** piety under Trog
   194 | D        | Reached XP level 7. HP: 73/80 MP: 6/6
   214 | D        | Noticed a kobold demonologist
   214 | D        | Noticed a kobold demonologist
   215 | D        | Noticed a hellwing
   217 | D        | Noticed a chaos spawn
   219 | D        | Noticed an ice devil
   220 | D        | Noticed a soul eater
   220 | D        | Paralysed by a floating eye for 3 turns
   226 | D        | Killed a kobold demonologist
   227 | D        | Reached skill level 10 in Unarmed Combat
   228 | D        | Noticed a sun demon
   231 | D        | Slain by a sun demon

Illustrated notes

Levels and vault maps discovered:
D:        dungeon_sprint_1 [red_sonja_temple_1, red_sonja_temple_small_1]

Skill      XL: |  1  2  3  4  5  6  7 |
---------------+----------------------+-----
Fighting       | 3 5 6 8 9 |  9.0
Dodging        | 3 5 6 8 |  8.9
Unarmed Combat | 4 6 7 9 10 | 10.5

Action                     |  1- 3 |  4- 6 |  7- 9 || total
---------------------------+-------+-------+-------++-------
  Melee: Unarmed           |     8 |    16 |    12 ||    36
         Punch             |     1 |       |     3 ||     4
 Invoke: Berserk           |       |       |     1 ||     1
 Armour: Animal skin       |     3 |    11 |    11 ||    25
  Dodge: Dodged            |     3 |     6 |     8 ||    17

Table legend: (Time is in decaauts)
 A = Elapsed time spent in this place.
 B = Non-inter-level travel time spent in this place.
 C = Inter-level travel time spent in this place.
 D = Time resting spent in this place.
 E = Time spent auto-exploring this place.
 F = Levels seen in this place.
 G = Mean time per level.
                   A        B        C        D        E       F      G
               +--------+--------+--------+--------+--------+-----+--------+
         Total |    225 |    225 |      0 |      0 |    129 |   1 |  225.0 |
       Dungeon |    225 |    225 |      0 |      0 |    129 |   1 |  225.0 |
               +--------+--------+--------+--------+--------+-----+--------+

Top non-repeatable levels by time:
       D: 225 daAuts
